 Dungeon Crawl Stone Soup version 0.21.1-1-g345015fe64 (webtiles) character file.

864424 keat06 the Conqueror (level 27, -5/237 (245) HPs)
             Began as a Minotaur Fighter on Jan 18, 2018.
             Was the Champion of the Shining One.
             Killed from afar by a hellion (36 damage)
             ... with damnation
             ... summoned by Asmodeus
             ... on level 7 of Gehenna on Feb 10, 2018.
             The game lasted 10:01:46 (83048 turns).

keat06 the Conqueror (Minotaur Fighter)            Turns: 83048, Time: 10:01:47

HP:   -5/237 (245)  AC: 26    Str: 23    XL:     27
MP:   0/34          EV: 26    Int:  4    God:    the Shining One [******]
Gold: 9549          SH: 48    Dex: 45    Spells: 19/26 levels left

rFire    + + .     SeeInvis +   T - +8 war axe of Geg Xuig {flame, rN++ MR+++ Str-3}
rCold    + + .     Gourm    .   b - +7 large shield "Meis" {Str-2 Dex+8 SInv Stlth-}
rNeg     + + +     Faith    .   s - +0 gold dragon scales
rPois    +         Spirit   +   a - +0 hat of Jukef {rC+ Str-5 Dex+7}
rElec    .         Reflect  .   F - scarf {repulsion}
rCorr    .         Harm     .   U - +2 pair of gloves {Str+3}
MR       +++++     Rnd*Rage +   p - +0 pair of boots of the Pit {rF+ Regen+}
Stlth    ..........             J - amulet "Hucuiki" {Spirit +Blink MR+ Str+4 Int+3}
HPRegen  0.89/turn              y - +4 ring of dexterity
MPRegen  0.24/turn              k - ring "Yhorur" {+Fly rPois rN+ Dex+8 Slay-5}

@: divine shield, berserk cooldown, slowed, glowing, repel missiles, very slow
A: retaliatory headbutt, horns 2, berserk 1, dopey 2, frail 1, screaming 1,
subdued magic 1, MP-powered wands
}: 7/15 runes: serpentine, barnacled, slimy, silver, iron, icy, bone
a: Divine Shield, Cleansing Flame, Summon Divine Warrior, Brand Weapon With Holy
Wrath, Renounce Religion, Evoke Blink, Evoke Flight


You were on level 7 of Gehenna.
You worshipped the Shining One.
The Shining One was exalted by your worship.
You were not hungry.

You visited 16 branches of the dungeon, and saw 82 of its levels.
You also visited: Bailey, Volcano and Desolation.

You collected 10251 gold pieces.
You spent 702 gold pieces at shops.

Inventory:

Hand Weapons
 T - the +8 war axe of Geg Xuig (weapon) {flame, rN++ MR+++ Str-3}
   (Okawaru gifted it to you on level 4 of the Snake Pit)

   It has been specially enchanted to burn those struck by it, causing extra
   injury to most foes and up to half again as much damage against particularly
   susceptible opponents.
   Big, fiery blades are also staple armaments of hydra-hunters.
   It affects your strength (-3).
   It greatly protects you from negative energy.
   It affects your resistance to hostile enchantments.
Missiles
 i - 40 poisoned javelins (quivered)
Armour
 a - the +0 hat of Jukef (worn) {rC+ Str-5 Dex+7}
   (Okawaru gifted it to you on level 2 of the Vaults)

   It affects your strength (-5).
   It affects your dexterity (+7).
   It protects you from cold.
 b - the +7 large shield "Meis" (worn) {Str-2 Dex+8 SInv Stlth-}
   (You found it on level 3 of the Elven Halls)

   It affects your strength (-2).
   It affects your dexterity (+8).
   It lets you see invisible.
   It makes you less stealthy.
 p - the +0 pair of boots of the Pit (worn) {rF+ Regen+}
   (Okawaru gifted it to you on level 3 of the Lair of Beasts)

   It protects you from fire.
   It increases your rate of regeneration.
 s - +0 gold dragon scales (worn)
 F - a scarf of repulsion (worn)
 G - the +1 scale mail of the Camelopard {rF- Regen+ Str+4 Slay+5}
   (You found it on level 2 of the Shoals)

   It affects your strength (+4).
   It affects your accuracy and damage with ranged weapons and melee attacks
   (+5).
   It makes you vulnerable to fire.
   It increases your rate of regeneration.
 U - a +2 pair of gloves of strength (worn)
Jewellery
 k - the ring "Yhorur" (right hand) {+Fly rPois rN+ Dex+8 Slay-5}
   (You found it on level 3 of the Crypt)

   [ring of positive energy]

   It affects your dexterity (+8).
   It affects your accuracy and damage with ranged weapons and melee attacks
   (-5).
   It protects you from poison.
   It protects you from negative energy.
   It lets you fly.
 y - a +4 ring of dexterity (left hand)
 I - a +3 ring of evasion
 J - the amulet "Hucuiki" (around neck) {Spirit +Blink MR+ Str+4 Int+3}
   (You found it on level 5 of the Pits of Slime)

   [amulet of guardian spirit]

   It causes incoming damage to be split between your health and magic.
   It affects your strength (+4).
   It affects your intelligence (+3).
   It affects your resistance to hostile enchantments.
   It lets you blink.
 S - the amulet "Ulaf" {Reflect +Inv Str+2 SH+6 SInv}
   (You found it on level 2 of the Vaults)

   [amulet of reflection]

   It shields you and reflects attacks.
   It affects your strength (+2).
   It lets you see invisible.
   It lets you turn invisible.
   It affects your SH (+6).
 X - the ring "Osugh" {+Inv rF- rN+ MR+ Str+5}
   (You took it off a guardian mummy on level 3 of the Crypt)

   [ring of positive energy]

   It affects your strength (+5).
   It makes you vulnerable to fire.
   It protects you from negative energy.
   It affects your resistance to hostile enchantments.
   It lets you turn invisible.
Wands
 e - a wand of polymorph (18)
 h - a wand of flame (42)
 u - a wand of scattershot (15)
 B - a wand of clouds (1)
 C - a wand of iceblast (43)
 N - a wand of digging (42)
 Z - a wand of disintegration (9)
Scrolls
 g - 4 scrolls of blinking
 l - 3 scrolls of identify
 m - 3 scrolls of summoning
 o - a scroll of amnesia
 q - 11 scrolls of magic mapping
 t - 9 scrolls of teleportation
 w - 11 scrolls of fog
 K - 29 scrolls of remove curse
 Q - a scroll of silence
 Y - 5 scrolls of fear
Potions
 d - 12 potions of might
 j - 28 potions of curing
 v - 9 potions of haste
 A - 4 potions of cancellation
 D - 4 potions of flight
 E - 5 potions of lignification
 M - 5 potions of agility
 R - 9 potions of resistance
Books
 c - a book of Burglary

   Spells                             Type                      Level
   a - Swiftness                      Charms/Air                   2
   b - Passwall                       Transmutation/Earth          2
   c - Passage of Golubria            Translocation                4
   d - Lee's Rapid Deconstruction     Earth                        5
   e - Darkness                       Hexes                        6
   f - Invisibility                   Hexes                        6
 n - the Tome of Arcane Weapons and Self-Knowledge
   (You found it on level 7 of Cocytus)

   Spells                             Type                      Level
   a - Conjure Flame                  Conjuration/Fire             3
   b - Iskenderun's Battlesphere      Conjuration/Charms           5
   c - Bolt of Fire                   Conjuration/Fire             6
   d - Freezing Cloud                 Conjuration/Ice/Air          6
 r - a book of Battle

   Spells                             Type                      Level
   a - Infusion                       Charms                       1
   b - Shroud of Golubria             Charms/Translocation         2
   c - Song of Slaying                Charms                       2
   d - Spectral Weapon                Hexes/Charms                 3
   e - Regeneration                   Charms/Necromancy            3
 W - Roxanne's Collected Works on Changing
   (You took it off Roxanne on level 2 of the Shoals)

   Spells                             Type                      Level
   a - Ignite Poison                  Fire/Transmutation/Poison    3
   b - Spider Form                    Transmutation/Poison         3
   c - Statue Form                    Transmutation/Earth          6
   d - Dragon Form                    Transmutation                7
Miscellaneous
 x - a lightning rod (4/4)
Comestibles
 f - 61 rations


   Skills:
 O Level 27 Fighting
 - Level 22.1 Axes
 - Level 9.1 Throwing
 - Level 16.0 Armour
 - Level 22.4 Dodging
 - Level 25.0 Shields
 - Level 11.9 Charms
 - Level 8.5 Necromancy
 + Level 17.3 Transmutations
 + Level 17.6 Invocations
 - Level 10.5 Evocations


You had 19 spell levels left.
You knew the following spells:

 Your Spells              Type           Power        Failure   Level  Hunger
a - Swiftness             Chrm/Air       #.......     90%         2    ###....
b - Passwall              Tmut/Erth      #.........   54%         2    ###....
c - Regeneration          Chrm/Necr      #.........   54%         3    ####...


Dungeon Overview and Level Annotations

Branches:
Dungeon (15/15)            Temple (1/1) D:5            Lair (6/6) D:8
 Shoals (4/4) Lair:3        Snake (4/4) Lair:2        Slime (5/5) Lair:6
    Orc (2/2) D:12            Elf (3/3) Orc:2        Vaults (5/5) D:13
  Crypt (3/3) Vaults:2       Tomb (0/3) Crypt:3      Depths (5/5) D:15
   Hell (1/1)                 Dis (7/7) Hell            Geh (7/7) Hell
    Coc (7/7) Hell            Tar (7/7) Hell            Zot (0/5) Depths:5

Altars:
Ashenzari
Cheibriados
Dithmenos
Elyvilon
Fedhas
Gozag
Hepliaklqana
Kikubaaqudgha
Makhleb
Nemelex Xobeh
Okawaru
Qazlal
Ru
Sif Muna
Trog
Uskayaw
Vehumet
Wu Jian
Xom
Yredelemnul
Zin
The Shining One
Beogh
Lugonu

Shops:
D:10 =   Orc:2 }(:%   Shoals:3 *   Snake:2 (   Vaults:3 }   Vaults:5 }}!:
Depths:1 [*=(   Depths:4 [

Portals:
Hell: Depths:1 Depths:2 Depths:3 Depths:4 Depths:5
Abyss: Depths:1 Depths:2 Depths:3 Depths:4
Pandemonium: Depths:2 Depths:3
Ziggurat: Depths:4
Trove: D:10 (give +3 gold dragon scales)

Annotations:
Geh:7 Asmodeus


Innate Abilities, Weirdness & Mutations

You reflexively headbutt those who attack you in melee.
You have a pair of horns on your head.
You tend to lose your temper in combat.
You are very dopey. (Int -4)
You are frail. (-10% HP)
You occasionally shout uncontrollably at your foes.
Your spells are a little easier to cast, but a little less powerful.
You expend magic power (3 MP) to strengthen your wands.


Message History

You block the Brimstone Fiend's attack. x2; The Brimstone Fiend misses you.
Asmodeus gestures at you. The bolt of fire misses you.
The Brimstone Fiend gestures at you.
The sphere of damnation explodes!
The damnation engulfs you!
* * * LOW HITPOINT WARNING * * *
The damnation engulfs the Brimstone Fiend.
The Brimstone Fiend completely resists.
The damnation engulfs Asmodeus.
Asmodeus completely resists.
Asmodeus shouts, "Thy soul shall be my junket!"
You blink.
You feel slightly more hungry.
Your surroundings seem slightly different.
You hear words spoken in a strange and terrible language...
A Brimstone Fiend comes into view.
As you read the scroll of fear, it crumbles to dust.
You assume a fearsome visage.
The Brimstone Fiend is unaffected. x2
Asmodeus is unaffected.
The hellion gestures at you.
The sphere of damnation explodes!
The damnation engulfs you!
You die...

§≈≈≈≈≈≈≈≈≈≈≈≈≈≈≈≈≈≈≈≈≈≈≈≈≈≈≈≈≈≈≈≈
≈§§≈≈≈≈≈≈≈≈≈≈≈§§§v§≈≈≈§§≈≈≈≈≈≈≈≈≈
#≈§≈≈≈≈≈≈§≈≈≈§§§§§≈≈≈≈§§≈≈≈≈≈≈≈≈≈
##§≈≈≈≈≈≈≈§≈≈§≈§§§≈§z§≈≈≈≈≈≈≈≈≈≈≈
.##≈≈≈≈§≈≈≈§v≈≈≈≈zzzz≈≈≈≈≈≈≈≈≈≈≈≈
..##≈≈≈§§≈≈§≈§§≈#####************
#..##§≈§§≈≈§≈≈§####### ******
##..##≈§§≈§≈≈≈###§&§§## *,,.,,
###..##§≈≈≈≈≈≈##@1§§§§######...,,
# ##..#########..#.2#§&#......#,,
####..'.......'.1...2§2§.....#**,
......#########..#..#..#......#,,
).....#≈§§§≈§≈##......######...,,
.).####≈≈≈≈≈≈≈###....## *,,.,,
####≈§§≈≈≈≈§≈≈≈####### ******
≈≈≈≈§§§≈≈≈≈≈§§≈§#####************
≈≈≈§§≈≈≈§≈§§≈§§≈≈§≈§≈§≈≈≈≈≈≈≈≈≈≈≈


You could see Asmodeus, 2 Brimstone Fiends, a balrug, a hellion and 3 flying
skulls.

Vanquished Creatures
  Antaeus (Coc:7)
  the Royal Jelly (Slime:5)
  Ereshkigal (Tar:7)
  the Serpent of Hell (Coc:7)
  3 ancient liches
  Mara (Shoals:3)
  Margery (Depths:2)
  Bai Suzhen (Snake:4)
  8 shard shrikes
  Frederick (Vaults:2)
  Saint Roka (Elf:2)
  4 caustic shrikes
  7 golden dragons
  Geryon (Hell)
  Nikola (Shoals:4)
  6 bone dragons
  Jory (Crypt:3)
  5 doom hounds
  12 Tzitzimimeh
  7 iron giants
  10 Brimstone Fiends
  2 tentacled monstrosities
  7 liches
  16 Ice Fiends
  6 Hell Sentinels
  Asterion (Elf:2)
  3 quicksilver dragons
  12 deep elf master archers
  25 acid blobs
  12 ancient champions
  3 Executioners
  10 deep elf blademasters
  16 titans
  3 eldritch tentacles
  Frances (Shoals:1)
  Polyphemus (Shoals:3)
  7 sphinxes
  Agnes (Elf:1)
  6 tengu reavers
  5 shadow dragons
  Roxanne (Shoals:2)
  A storm dragon (Vaults:4)
  22 frost giants
  18 fire giants
  3 revenants
  7 nagarajas (Snake:4)
  14 azure jellies
  Ilsuiw (Shoals:4)
  An imperial myrmidon (Desolation)
  Louise (Shoals:3)
  8 iron dragons (Dis:7)
  16 vault wardens
  11 deep elf sorcerers
  7 balrugs
  6 ghouls
  An orc warlord (D:12)
  A draconian shifter (Depths:5)
  17 ironheart preservers
  8 deep elf elementalists
  3 curse skulls
  2 entropy weavers
  14 war gargoyles
  42 reapers
  A green draconian (Dis:1)
  A spriggan defender (Depths:1)
  2 elemental wellsprings
  7 vampire knights
  2 draconian annihilators (Depths:5)
  13 deep elf annihilators
  25 very ugly things
  9 deep elf demonologists
  2 black draconians
  43 stone giants
  5 purple draconians
  19 spark wasps
  3 halazid warlocks (Desolation)
  A lorocyproca (Depths:2)
  A white draconian (Crypt:3)
  4 merfolk javelineers
  A red draconian (Depths:5)
  Azrael (Elf:1)
  9 blizzard demons
  11 deep elf death magi
  An eidolon (Crypt:1)
  A green death (Hell)
  5 deep elf high priests
  A quicksilver dragon zombie (Geh:1)
  6 mummy priests (Crypt:3)
  11 death oozes
  8 merfolk impalers
  2 crystal guardians (Desolation)
  13 jiangshi
  The ghost of NihilVerum the Grappler, a journeyman TrHu of Okawaru (Lair:2)
  11 fire dragons
  13 yaktaur captains
  13 ettins
  10 ragged hierophants (Desolation)
  34 vault guards
  9 servants of whispers (Desolation)
  Harold (Lair:3)
  15 great orbs of eyes
  16 ice dragons
  10 anacondas
  5 rakshasas
  2 quicksilver dragon skeletons
  9 spriggan air magi
  10 naga warriors
  The ghost of Anaz the Basher, a journeyman HuSk of Okawaru (D:11)
  2 ghost crabs
  8 peacekeepers (Desolation)
  4 merfolk avatars
  31 two-headed ogres
  2 death knights
  9 hydras
  A satyr (Shoals:4)
  7 centaur warriors
  7 tengu warriors
  A catoblepas (Shoals:2)
  27 dancing weapons
  An alligator snapping turtle (Shoals:4)
  8 vampire magi
  7 deep troll shamans
  14 ogre magi
  A queen ant (shapeshifter) (Vaults:4)
  4 death yaks (Shoals:3)
  3 merfolk aquamancers
  Urug (Lair:4)
  A small abomination (Elf:3)
  6 orc high priests
  The ghost of BreadTh the Eclecticist, a journeyman SpWz of Gozag (D:11)
  9 hell hogs
  4 deep troll earth magi
  A storm dragon zombie (Coc:6)
  3 titan zombies
  27 deep elf knights
  13 naga sharpshooters
  A fire crab (shapeshifter) (D:15)
  Sonja (D:12)
  5 spriggan berserkers
  18 soul eaters
  13 sun demons
  4 titan skeletons
  A salamander mystic (Snake:4)
  3 shock serpents
  6 iron trolls
  An iron golem (Dis:7)
  37 hell knights
  74 skeletal warriors
  2 storm dragon skeletons
  A quicksilver dragon simulacrum (Coc:7)
  9 flayed ghosts
  A shadow wraith (Vaults:5)
  3 golden dragon zombies (Coc:7)
  A death drake (Tar:6)
  8 sea snakes
  2 unseen horrors
  7 shadow demons
  27 deep trolls
  6 glowing orange brains
  19 deep elf archers
  2 ghost moth zombies
  5 anaconda zombies
  4 wizards
  4 naga ritualists
  19 ironbrand convokers
  4 lindwurms (Lair:6)
  7 anaconda skeletons
  9 necromancers
  13 phantasmal warriors
  5 shadow dragon zombies
  3 golden dragon skeletons
  19 orc knights
  5 wolf spider zombies
  9 harpies
  4 iron dragon zombies
  8 mana vipers
  5 frost giant zombies
  4 fauns
  3 shadow dragon skeletons
  3 fire giant zombies
  9 salamanders
  A harpy (shapeshifter) (Depths:2)
  6 shining eyes
  50 ugly things
  61 deep elf magi
  11 manticores
  6 wolf spiders
  6 cyclopes
  5 stone giant zombies
  7 orc sorcerers
  2 iron dragon skeletons
  A salamander (shapeshifter) (Depths:3)
  4 fire giant skeletons
  5 stone giant skeletons
  15 vault sentinels
  26 black mambas
  A moth of wrath (shapeshifter) (Vaults:4)
  14 naga magi
  4 shock serpent zombies
  28 rust devils
  8 guardian serpents
  A guardian serpent (shapeshifter) (Depths:3)
  5 water nymphs
  2 dire elephant zombies
  9 elephants (Lair:6)
  4 molten gargoyles
  5 spectral swamp worms (Depths:3)
  6 merfolk sirens
  2 storm dragon simulacra
  2 frost giant skeletons
  12 spiny frogs
  An alligator snapping turtle zombie (Crypt:3)
  50 yaktaurs
  A black draconian zombie (Crypt:3)
  3 emperor scorpion zombies
  A shock serpent skeleton (Crypt:3)
  A torpor snail (shapeshifter) (Depths:3)
  2 dire elephant skeletons
  6 rime drakes
  4 gargoyles
  A kobold demonologist (D:13)
  17 hellions
  A rime drake (shapeshifter) (Vaults:1)
  2 efreet
  8 red devils
  30 freezing wraiths
  2 anaconda simulacra (Hell)
  32 ice devils
  6 komodo dragons
  A yaktaur (shapeshifter) (Vaults:4)
  A silent spectre (Tar:1)
  A black draconian skeleton (Crypt:2)
  5 tengu conjurers
  24 merfolk
  34 guardian mummies
  17 tormentors
  The ghost of rlgrobin the Poker, a novice VSFi (D:4)
  10 trolls
  7 hydra zombies
  3 harpy zombies
  A jumping spider (shapeshifter) (D:13)
  5 polar bears (Lair:6)
  3 wind drakes
  A shadow dragon simulacrum (Vaults:3)
  A queen bee (D:11)
  6 meliai
  9 hornets
  8 snapping turtles
  3 alligator zombies
  A fire dragon zombie (Coc:7)
  95 slime creatures
  3 hydra skeletons
  63 saltlings (Desolation)
  15 bog bodies
  A harpy skeleton (Coc:7)
  2 ettin zombies
  8 dream sheep
  13 blink frogs
  12 hippogriffs
  3 ice dragon zombies
  A fire giant simulacrum (Coc:7)
  A stone giant simulacrum (Crypt:1)
  An ettin skeleton (Crypt:2)
  2 meliai zombies
  2 dream sheep (shapeshifter)
  61 flying skulls
  A tarantella (shapeshifter) (Vaults:3)
  2 ice dragon skeletons
  Sigmund (D:3)
  2 redbacks
  26 yaks
  15 spriggans
  A spriggan (shapeshifter) (Depths:5)
  5 air elementals
  A vampire (D:14)
  2 black mamba zombies
  A fire dragon skeleton (Geh:1)
  29 shadows
  2 redbacks (shapeshifter)
  6 ushabtiu (Crypt:3)
  4 alligator skeletons
  28 water elementals
  5 wyverns
  19 wraiths
  4 fire bats
  25 fire elementals
  A black mamba skeleton (Geh:5)
  A hog (shapeshifter) (Depths:2)
  A golden eye (shapeshifter) (Depths:1)
  A basilisk (shapeshifter) (Depths:5)
  3 basilisks
  8 golden eyes (Slime:4)
  7 steam dragons (Lair:2)
  2 vampire mosquitoes (D:15)
  6 hungry ghosts
  48 nagas
  2 wargs
  A harpy simulacrum (Coc:7)
  An infernal demonspawn zombie (Crypt:2)
  2 acid dragons
  A soldier ant (D:13)
  6 spiny frog zombies
  16 water moccasins
  A porcupine (shapeshifter) (Vaults:5)
  7 porcupines
  54 hell hounds
  A floating eye (Depths:5)
  9 ice beasts
  6 sky beasts
  58 orc warriors
  An ettin simulacrum (Coc:7)
  A dream sheep zombie (Crypt:3)
  3 spiny frog skeletons
  A manticore zombie (Crypt:1)
  6 black bears
  A swamp dragon zombie (Crypt:1)
  4 phantoms
  22 centaurs
  27 ogres
  24 necrophages
  A snapping turtle zombie (Geh:1)
  24 wolves
  6 eyes of draining
  2 swamp dragon skeletons
  8 boggarts
  A manticore skeleton (Geh:5)
  5 crocodiles
  An elf zombie (Tar:1)
  5 big kobolds
  16 bullfrogs
  An elf skeleton (Geh:7)
  5 earth elementals
  A wyvern skeleton (D:9)
  A water moccasin zombie (Crypt:1)
  A raiju zombie (Crypt:1)
  A hornet simulacrum (D:14)
  10 scorpions
  An elf simulacrum (Vaults:3)
  29 killer bees
  80 wights
  4 howler monkeys
  14 crimson imps
  4 centaur zombies
  10 lava snakes
  A bullfrog zombie (D:5)
  7 jellies
  4 quasits
  A human zombie (Dis:1)
  31 orc wizards
  5 hounds
  47 orc priests
  4 bullfrog skeletons
  A human skeleton (Geh:1)
  19 iron imps
  A centaur skeleton (D:12)
  4 iguanas
  Natasha (D:3)
  7 worker ants
  3 tengu zombies
  3 ogre zombies
  2 tengu skeletons
  2 hound zombies
  A hound skeleton (D:4)
  9 mummies
  Robin (D:3)
  9 gnolls
  A howler monkey skeleton (Crypt:2)
  21 adders
  10 shadow imps
  A steam dragon skeleton (Crypt:3)
  5 white imps
  An ufetubus (Depths:3)
  2 oozes
  2 adder zombies
  2 adder skeletons
  4 worms
  2 dart slugs
  4 leopard geckos
  155 orcs
  9 bats
  A bat skeleton (Crypt:3)
  9 giant cockroaches
  15 goblins
  11 hobgoblins
  9 jackals
  3 quokkas
  5 ball pythons
  4 frilled lizards
  A frilled lizard skeleton (Crypt:3)
  2 goblin skeletons (D:6)
  2 goblin zombies (D:6)
  2 hobgoblin zombies (D:6)
  A jackal skeleton (Crypt:1)
  2 jackal zombies (Crypt:2)
  20 kobolds
  3 kobold skeletons
  2 kobold zombies (D:6)
  A leopard gecko skeleton (D:6)
  A leopard gecko zombie (D:6)
  2 orc skeletons
  An orc zombie (Dis:7)
  A quokka skeleton (D:6)
  6 rats
  3 crawling corpses
  13 fungi
  3 plants
3531 creatures vanquished.

Vanquished Creatures (collateral kills)
  Dispater (Dis:7)
  A greater mummy (Crypt:3)
  Xtahua (Crypt:3)
  3 shard shrikes
  A bone dragon (Tar:7)
  2 liches
  2 Tzitzimimeh (Tar:7)
  3 Brimstone Fiends
  2 Hell Sentinels (Dis:7)
  3 deep elf blademasters
  3 Ice Fiends
  2 deep elf master archers
  2 titans
  An ancient champion (Dis:7)
  2 fire giants
  A frost giant (Crypt:3)
  A balrug (Geh:5)
  16 reapers
  A cacodemon (Coc:7)
  A draconian annihilator (Dis:1)
  A ghoul (Crypt:3)
  3 war gargoyles (Dis:7)
  A vampire knight (Tar:7)
  A white draconian (Dis:1)
  3 blizzard demons
  A green death (Dis:3)
  4 ice dragons
  A quicksilver dragon skeleton (Tar:7)
  A vampire mage (Tar:2)
  A hell hog (Geh:5)
  A deep elf knight (Hell)
  2 storm dragon zombies
  2 titan zombies
  3 soul eaters
  2 iron trolls (Hell)
  A titan skeleton (Tar:7)
  5 hell knights
  3 anaconda zombies
  39 skeletal warriors
  A golden dragon zombie (Tar:2)
  2 shadow demons
  2 deep elf archers
  4 phantasmal warriors
  2 golden dragon skeletons (Coc:7)
  2 necromancers
  2 wolf spider zombies
  4 deep elf magi
  An iron dragon zombie (Coc:7)
  A frost giant zombie (Tar:7)
  A stone giant zombie (Coc:6)
  3 shadow dragon skeletons
  3 fire giant zombies
  A fire giant skeleton (Coc:7)
  A dire elephant zombie (Geh:3)
  2 frost giant skeletons
  An ice statue (Coc:7)
  9 rust devils
  A stone giant skeleton (Geh:3)
  2 smoke demons
  A dire elephant skeleton (Coc:6)
  7 hellions
  6 tormentors
  An emperor scorpion zombie (Dis:1)
  9 ice devils
  9 freezing wraiths
  An anaconda simulacrum (Tar:7)
  7 guardian mummies (Crypt:3)
  4 red devils
  2 harpy zombies
  3 hydra skeletons
  A harpy skeleton (Geh:4)
  3 bog bodies (Coc:7)
  2 hydra zombies
  2 alligator zombies
  A fire dragon zombie (Coc:7)
  2 ice dragon zombies
  A fire dragon skeleton (Coc:7)
  27 flying skulls
  4 shadows
  2 ettin skeletons
  3 ushabtiu (Crypt:3)
  2 fire bats (Geh:3)
  A water elemental (Coc:7)
  5 wraiths
  4 fire elementals
  An infernal demonspawn zombie (Geh:1)
  A hydra simulacrum (Coc:7)
  4 spiny frog zombies
  20 hell hounds
  An ice beast (Coc:7)
  A manticore zombie (Geh:1)
  3 necrophages
  2 snapping turtle zombies
  2 spiny frog skeletons
  5 phantoms
  14 wights
  A crimson imp (Geh:4)
  3 iron imps
  2 mummies
  A white imp (Coc:4)
340 creatures vanquished.

Vanquished Creatures (others)
  A deep elf master archer (Elf:3)
  An eldritch tentacle (Dis:1)
  A shadow dragon (Depths:5)
  An elemental wellspring (Coc:7)
  A deep elf annihilator (Crypt:3)
  2 merfolk javelineers (Shoals:4)
  4 yaktaur captains
  2 centaur warriors (Vaults:1)
  A satyr (Shoals:4)
  A hell hog (Dis:4)
  2 skeletal warriors (Dis:7)
  A shadow demon (Tar:7)
  A faun (Shoals:4)
  A cyclops (Shoals:4)
  A vault sentinel (Vaults:5)
  A guardian serpent (Desolation)
  A rust devil (Dis:1)
  A hellion (Geh:4)
  11 yaktaurs
  An ice devil (Dis:1)
  A slime creature (Slime:3)
  4 flying skulls
  A shadow (Geh:5)
  A human (Depths:3)
  A naga (Snake:2)
  5 centaurs
  An ogre (Vaults:5)
  A wight (Tar:6)
  2 crawling corpses (Vaults:5)
  17 fungi
  5 plants
75 creatures vanquished.

Grand Total: 3946 creatures vanquished

Notes
Turn   | Place    | Note
-------+----------+-------------------------------------------
     0 | D:1      | keat06 the Minotaur Fighter began the quest for the Orb.
     0 | D:1      | Reached XP level 1. HP: 19/19 MP: 0/0
   195 | D:1      | Reached skill level 4 in Fighting
   195 | D:1      | Reached XP level 2. HP: 27/27 MP: 1/1
   890 | D:2      | Reached XP level 3. HP: 32/34 MP: 2/2
   995 | D:2      | Reached XP level 4. HP: 18/41 MP: 3/3
  1182 | D:2      | Upgraded the game from 0.21.0-8-gf18e19db4a to 0.21.0-22-g11d5b5247c
  1217 | D:2      | Found a radiant altar of Vehumet.
  1221 | D:2      | Reached skill level 5 in Fighting
  1817 | D:3      | Noticed Sigmund
  1833 | D:3      | Killed Sigmund
  1833 | D:3      | Reached skill level 6 in Fighting
  1833 | D:3      | Reached skill level 5 in Axes
  1833 | D:3      | Reached XP level 5. HP: 20/50 MP: 4/4
  1833 | D:3      | Reached XP level 6. HP: 22/57 MP: 5/5
  2222 | D:3      | Noticed Natasha
  2245 | D:3      | Killed Natasha
  2859 | D:3      | Noticed Robin
  2866 | D:3      | Killed Robin
  2867 | D:3      | Reached skill level 7 in Fighting
  3035 | D:4      | Noticed rlgrobin's ghost (novice VSFi)
  3051 | D:4      | Killed rlgrobin's ghost
  3051 | D:4      | Reached XP level 7. HP: 51/67 MP: 6/6
  3270 | D:4      | Reached skill level 1 in Evocations
  3331 | D:4      | Reached skill level 8 in Fighting
  3516 | D:4      | Found an iron altar of Okawaru.
  3531 | D:4      | Became a worshipper of Warmaster Okawaru
  4005 | D:5      | Entered Level 5 of the Dungeon
  4014 | D:5      | Reached XP level 8. HP: 66/75 MP: 8/8
  4111 | D:5      | Found a basalt altar of Yredelemnul.
  4219 | D:5      | Found a blossoming altar of Fedhas.
  4357 | D:5      | Reached * piety under Okawaru
  4634 | D:5      | Reached skill level 9 in Fighting
  5052 | D:5      | Found a staircase to the Ecumenical Temple.
  5323 | D:6      | Found Zin's Purification Station.
  5337 | D:6      | Found a glowing silver altar of Zin.
  5365 | D:5      | HP: 1/79 [ogre/giant spiked club (13)]
  5366 | D:5      | Reached ** piety under Okawaru
  5366 | D:5      | Reached XP level 9. HP: 1/85 MP: 11/11
  5858 | D:6      | Found a glowing golden altar of the Shining One.
  5968 | D:6      | Reached skill level 10 in Fighting
  5990 | D:6      | Found a hazy altar of Hepliaklqana.
  6375 | D:6      | Found a hazy altar of Hepliaklqana.
  6412 | D:7      | Found a shadowy altar of Dithmenos.
  6474 | D:7      | Found a hide-covered altar of Uskayaw.
  6623 | D:7      | Reached skill level 5 in Evocations
  6698 | D:7      | Reached skill level 10 in Axes
  6849 | D:7      | Found a shimmering altar of Xom.
  6872 | D:7      | Found a burning altar of Makhleb.
  7079 | D:7      | Found an opulent altar of Gozag.
  7499 | D:8      | Noticed a two-headed ogre
  7510 | D:8      | Killed a two-headed ogre
  7510 | D:8      | Reached *** piety under Okawaru
  7510 | D:8      | Reached skill level 11 in Fighting
  7618 | D:8      | Reached XP level 10. HP: 64/95 MP: 13/13
  7716 | D:8      | Reached skill level 1 in Throwing
  7848 | D:8      | Reached **** piety under Okawaru
  7857 | D:8      | Found a staircase to the Lair.
  8530 | D:8      | Found a stormy altar of Qazlal.
  8895 | D:8      | Noticed a two-headed ogre
  8908 | D:8      | Killed a two-headed ogre
  9215 | D:8      | Reached skill level 12 in Fighting
  9541 | D:9      | You fall through a shaft!
  9541 | D:10     | Entered Level 10 of the Dungeon
  9541 | D:10     | Noticed a two-headed ogre
  9549 | D:10     | Killed a two-headed ogre
  9549 | D:10     | Received a gift from Okawaru
  9653 | D:10     | Reached ***** piety under Okawaru
  9661 | D:10     | Noticed a two-headed ogre
  9662 | D:10     | Reached XP level 11. HP: 73/104 MP: 14/14
  9668 | D:10     | Killed a two-headed ogre
  9668 | D:10     | Received a gift from Okawaru
  9997 | D:10     | Found Nevuemu's Jewellery Boutique.
 10014 | D:10     | Reached skill level 5 in Dodging
 10302 | D:10     | Bought a +4 ring of dexterity for 324 gold pieces
 10414 | D:10     | Found a portal to a secret trove of treasure.
 10695 | D:11     | Identified the Collected Works on Arcane Weapons
 10697 | D:11     | Found a flagged portal.
 10785 | Bailey   | Entered a bailey
 10802 | Bailey   | Received a gift from Okawaru
 11923 | Bailey   | Noticed an orc knight
 12207 | Bailey   | Killed an orc knight
 12207 | Bailey   | Reached skill level 1 in Invocations
 12402 | D:11     | Noticed BreadTh's ghost (journeyman SpWz)
 12431 | D:11     | Noticed Anaz's ghost (journeyman HuSk)
 12559 | D:10     | Identified a scroll of acquirement
 12601 | D:11     | Killed Anaz's ghost
 12601 | D:11     | Received a gift from Okawaru
 12608 | D:11     | Killed BreadTh's ghost
 12782 | D:11     | Got a spiked ring mail {god gift}
 12793 | D:11     | Identified the +4 ring mail of the Failed Coup {MR+} (Okawaru gifted it to you on level 11 of the Dungeon)
 12902 | D:11     | Noticed a two-headed ogre
 12910 | D:11     | Killed a two-headed ogre
 13000 | D:11     | Reached skill level 5 in Invocations
 13322 | D:11     | Reached XP level 12. HP: 90/112 MP: 15/15
 13854 | D:11     | Noticed a two-headed ogre
 13861 | D:11     | Killed a two-headed ogre
 13861 | D:11     | Reached skill level 15 in Axes
 14404 | D:12     | Noticed Sonja
 14410 | D:12     | Killed Sonja
 14743 | D:12     | Noticed a two-headed ogre
 14751 | D:12     | Killed a two-headed ogre
 14751 | D:12     | Reached ****** piety under Okawaru
 14751 | D:12     | Reached skill level 5 in Armour
 14758 | D:12     | Received a gift from Okawaru
 15534 | D:12     | Found a staircase to the Orcish Mines.
 16458 | D:13     | Noticed a tengu warrior
 16461 | D:13     | Killed a tengu warrior
 16461 | D:13     | Received a gift from Okawaru
 16461 | D:13     | Reached XP level 13. HP: 72/117 MP: 18/18
 16474 | D:13     | Found a gate to the Vaults.
 16830 | D:13     | Received a gift from Okawaru
 18206 | D:15     | Entered Level 15 of the Dungeon
 19173 | D:15     | Noticed an ettin
 19179 | D:15     | Killed an ettin
 19195 | D:15     | Received a gift from Okawaru
 19195 | D:15     | Reached skill level 10 in Dodging
 19810 | D:15     | Found a staircase to the Depths.
 19816 | D:15     | Reached XP level 14. HP: 125/125 MP: 20/20
 20246 | D:13     | You fall through a shaft for 2 floors!
 20559 | D:9      | Found a transporter.
 20656 | D:9      | Found an ornate altar of the Wu Jian Council.
 20968 | D:9      | Found a roughly hewn altar of Beogh.
 21167 | D:9      | Found a transporter.
 21186 | D:9      | Got a crude ruby amulet
 21302 | Lair:1   | Entered Level 1 of the Lair of Beasts
 21598 | Lair:1   | Identified the amulet of Nuvugreu {*Drain +Rage MR+ SInv} (You found it on level 9 of the Dungeon)
 22188 | Lair:2   | Found a staircase to the Snake Pit.
 22300 | Lair:2   | Noticed NihilVerum's ghost (journeyman TrHu)
 22309 | Lair:2   | Killed NihilVerum's ghost
 23522 | Lair:3   | Found a staircase to the Shoals.
 23526 | Lair:3   | Received a gift from Okawaru
 23628 | Lair:3   | Got a pair of spiked boots {god gift}
 23642 | Lair:3   | Identified the +0 pair of boots of the Pit {rF+ Regen+} (Okawaru gifted it to you on level 3 of the Lair of Beasts)
 23697 | Lair:3   | Found a radiant altar of Vehumet.
 24011 | Lair:3   | Noticed Harold
 24029 | Lair:3   | Killed Harold
 24600 | Lair:4   | Noticed Urug
 24670 | Lair:4   | Killed Urug
 25813 | Lair:6   | Entered Level 6 of the Lair of Beasts
 25871 | Lair:6   | Found a staircase to the Slime Pits.
 26014 | Lair:6   | Reached XP level 15. HP: 75/131 MP: 13/21
 26015 | Lair:6   | Received a gift from Okawaru
 26231 | Lair:6   | Reached skill level 10 in Armour
 26396 | Lair:6   | Identified the Handbook of Noxious Combat Magic
 26841 | Lair:6   | Upgraded the game from 0.21.0-22-g11d5b5247c to 0.21.0-24-g2553a3340b
 27192 | Lair:6   | Identified the Guide on Supportive Necromancy
 27434 | Orc:1    | Entered Level 1 of the Orcish Mines
 27443 | Orc:1    | Noticed an orc warlord
 27562 | D:12     | Killed an orc warlord
 27699 | Orc:1    | Found a dark tunnel.
 27715 | Volcano  | Entered a volcano
 28062 | Volcano  | Found a bloodstained altar of Trog.
 28064 | Volcano  | Received a gift from Okawaru
 28970 | Orc:1    | Received a gift from Okawaru
 28972 | Orc:1    | Got a faintly humming hat {god gift}
 28983 | Orc:1    | Identified the +1 hat of the Invisible Hand {*Slow rF+ MR+} (Okawaru gifted it to you on level 1 of the Orcish Mines)
 29069 | Orc:2    | Entered Level 2 of the Orcish Mines
 29142 | Orc:2    | Found a burning altar of Makhleb.
 29495 | Orc:2    | Found a roughly hewn altar of Beogh.
 29513 | Orc:2    | Found a staircase to the Elven Halls.
 30200 | Orc:2    | Found Haonea's Antique Weapon Shop.
 30203 | Orc:2    | Found Dosug's Book Boutique.
 30204 | Orc:2    | Found Yvoekina's Gadget Shop.
 30205 | Orc:2    | Found Yxka's Food Shop.
 30216 | Orc:2    | Bought a wand of clouds (5) for 378 gold pieces
 30527 | Snake:1  | Entered Level 1 of the Snake Pit
 30831 | Snake:1  | Found a burning altar of Makhleb.
 31384 | Snake:2  | Reached XP level 16. HP: 101/139 MP: 22/22
 31572 | Snake:2  | Found Uheol's Weapon Shop.
 31673 | Snake:2  | Reached skill level 5 in Throwing
 31681 | Snake:2  | Received a gift from Okawaru
 32225 | Snake:3  | Received a gift from Okawaru
 33023 | Snake:3  | Found a runed gate.
 33023 | Snake:3  | Found a runed gate.
 33023 | Snake:3  | Found a runed gate.
 33220 | Snake:4  | Entered Level 4 of the Snake Pit
 33351 | Snake:4  | Received a gift from Okawaru
 33362 | Snake:4  | Received a gift from Okawaru
 33722 | Snake:4  | Noticed Bai Suzhen
 33742 | Snake:4  | Killed Bai Suzhen
 33837 | Snake:4  | Reached XP level 17. HP: 145/146 MP: 23/23
 34200 | Snake:4  | Received a gift from Okawaru
 34436 | Snake:4  | Received a gift from Okawaru
 34444 | Snake:4  | Got a shimmering war axe {god gift}
 34601 | Snake:4  | Identified the +8 war axe of Geg Xuig {flame, rN++ MR+++ Str-3} (Okawaru gifted it to you on level 4 of the Snake Pit)
 34721 | Snake:4  | Got a serpentine rune of Zot
 35581 | Shoals:1 | Entered Level 1 of the Shoals
 35587 | Shoals:1 | Noticed Frances
 35604 | Shoals:1 | Killed Frances
 35604 | Shoals:1 | Reached skill level 5 in Shields
 36117 | Shoals:1 | Upgraded the game from 0.21.0-24-g2553a3340b to 0.21.0-25-ge575cb9ce8
 36552 | Shoals:2 | Received a gift from Okawaru
 36894 | Lair:1   | Got a pair of pitted gloves
 36905 | Lair:1   | Identified the +0 pair of gloves "Hud Ler" {rElec} (You acquired it on level 1 of the Lair of Beasts)
 37167 | Shoals:3 | Noticed Mara
 37175 | Shoals:3 | Noticed keat06's illusion
 37192 | Shoals:2 | Received a gift from Okawaru
 37314 | Shoals:2 | Got an ichor-stained scale mail
 37335 | Shoals:2 | Identified the +1 scale mail of the Camelopard {rF- Regen+ Str+4 Slay+5} (You found it on level 2 of the Shoals)
 37339 | Shoals:2 | Noticed Roxanne
 37881 | Shoals:2 | Killed Roxanne
 37882 | Shoals:2 | Identified Roxanne's Collected Works on Changing (You took it off Roxanne on level 2 of the Shoals)
 37961 | Shoals:3 | Reached skill level 13 in Fighting
 37963 | Shoals:3 | Received a gift from Okawaru
 38018 | Shoals:3 | Noticed Louise
 38144 | Shoals:3 | Killed Louise
 38249 | Shoals:3 | Found Neggeczu's Needful Niceties.
 38255 | Shoals:3 | Received a gift from Okawaru
 38309 | Shoals:3 | Noticed Polyphemus
 38392 | Shoals:3 | Killed Polyphemus
 38435 | Shoals:3 | Reached skill level 10 in Shields
 38963 | Shoals:2 | Upgraded the game from 0.21.0-25-ge575cb9ce8 to 0.21.1-1-g345015fe64
 38981 | Shoals:3 | Noticed keat06's illusion
 39070 | Shoals:3 | Killed Mara
 39070 | Shoals:3 | Received a gift from Okawaru
 39070 | Shoals:3 | Reached XP level 18. HP: 148/159 MP: 16/24
 39138 | Shoals:4 | Entered Level 4 of the Shoals
 39174 | Shoals:4 | Reached skill level 14 in Fighting
 39235 | Shoals:4 | Noticed Ilsuiw
 39240 | Shoals:4 | Noticed Nikola
 39701 | Shoals:4 | Killed Nikola
 39701 | Shoals:4 | Received a gift from Okawaru
 40410 | Shoals:4 | Killed Ilsuiw
 40658 | Shoals:4 | Reached skill level 15 in Fighting
 40883 | Shoals:4 | Got a barnacled rune of Zot
 41573 | Temple   | Entered the Ecumenical Temple
 41935 | Elf:1    | Entered Level 1 of the Elven Halls
 42021 | Elf:1    | Found a ruined gateway.
 42044 | Desolati | Entered the Desolation of Salt
 42183 | Desolati | Identified Sif Muna's Reference Book on Ashen Evil Rituals
 42191 | Desolati | Identified the Guide on Confrontation
 42220 | Desolati | Identified the Handbook of Boosting Conjuration
 42468 | Desolati | Got a steaming brass ring
 42482 | Desolati | Got a heavily runed buckler
 42495 | Desolati | Identified the cursed +0 buckler of Xoehehaph {rElec rF+ Stlth+} (You found it in the Desolation of Salt)
 42497 | Desolati | Identified the ring "Gaircher" {rCorr rElec} (You took it off a ragged hierophant in the Desolation of Salt)
 42612 | Desolati | Received a gift from Okawaru
 42636 | Desolati | Reached skill level 16 in Fighting
 42706 | Desolati | Received a gift from Okawaru
 42756 | Desolati | Got a heavily runed marble ring
 42770 | Desolati | Identified the Volume of Destructive Enchantment
 43007 | Desolati | Reached XP level 19. HP: 159/174 MP: 22/25
 43406 | Elf:1    | Noticed Azrael
 43424 | Elf:1    | Killed Azrael
 43469 | Elf:1    | Reached skill level 17 in Fighting
 43867 | Elf:1    | Noticed Agnes
 43875 | Elf:1    | Killed Agnes
 43876 | Elf:1    | Reached skill level 15 in Dodging
 43890 | Elf:1    | Received a gift from Okawaru
 44035 | Elf:2    | Noticed Saint Roka
 44218 | Elf:2    | Killed Saint Roka
 44218 | Elf:2    | Received a gift from Okawaru
 44287 | Elf:2    | Identified the ring of Kaonaff {rElec rN+ MP+9} (You found it in the Desolation of Salt)
 44632 | Elf:2    | Found an ancient bone altar of Kikubaaqudgha.
 44653 | Elf:2    | Received a gift from Okawaru
 44653 | Elf:2    | Reached skill level 18 in Fighting
 44663 | Elf:2    | Got a bloodstained chain mail {god gift}
 44674 | Elf:2    | Identified the +5 chain mail of the Eight Deaths {rF+ rC- rN++ SInv} (Okawaru gifted it to you on level 2 of the Elven Halls)
 45266 | Elf:2    | Found a huge runed gate.
 45266 | Elf:2    | Found a huge runed gate.
 45267 | Elf:2    | Found a huge runed gate.
 45268 | Elf:2    | Found a huge runed gate.
 45272 | Elf:2    | Found a huge runed gate.
 45771 | Elf:2    | Noticed Asterion
 45790 | Elf:2    | Killed Asterion
 45912 | Elf:3    | Entered Level 3 of the Elven Halls
 46007 | Elf:3    | Found a radiant altar of Vehumet.
 46501 | Elf:3    | Received a gift from Okawaru
 46510 | Elf:3    | Reached XP level 20. HP: 156/189 MP: 20/26
 46535 | Elf:3    | Reached skill level 19 in Fighting
 47056 | Elf:3    | Received a gift from Okawaru
 47582 | Elf:3    | Reached skill level 20 in Fighting
 47593 | Elf:3    | Got a brightly glowing large shield
 47604 | Elf:3    | Identified the +7 large shield "Meis" {Str-2 Dex+8 SInv Stlth-} (You found it on level 3 of the Elven Halls)
 48387 | Elf:3    | Got a shimmering buckler
 48739 | Lair:1   | Identified the +1 buckler "Posmaes" {rElec} (You found it on level 3 of the Elven Halls)
 48889 | Depths:1 | Entered Level 1 of the Depths
 48958 | Vaults:1 | Entered Level 1 of the Vaults
 49128 | Vaults:1 | Reached skill level 15 in Shields
 49877 | Vaults:1 | Received a gift from Okawaru
 49884 | Vaults:1 | Reached skill level 21 in Fighting
 50204 | Vaults:2 | Got a clouded ruby amulet
 50250 | Vaults:2 | Found a magical portal.
 50301 | Vaults:2 | Noticed Frederick
 50313 | Vaults:2 | Killed Frederick
 50313 | Vaults:2 | Received a gift from Okawaru
 50314 | Vaults:2 | Got a faintly glowing hat {god gift}
 50337 | Vaults:2 | Found a staircase to the Crypt.
 50347 | Vaults:2 | Reached XP level 21. HP: 205/205 MP: 23/27
 51367 | Vaults:3 | Reached skill level 22 in Fighting
 51648 | Vaults:3 | Found Wupot's Gadget Boutique.
 51936 | Vaults:3 | Identified the +0 hat of Jukef {rC+ Str-5 Dex+7} (Okawaru gifted it to you on level 2 of the Vaults)
 52244 | Vaults:3 | Received a gift from Okawaru
 52244 | Vaults:3 | Reached skill level 23 in Fighting
 52692 | Vaults:3 | Identified the amulet "Ulaf" {Reflect +Inv Str+2 SH+6 SInv} (You found it on level 2 of the Vaults)
 52892 | Vaults:4 | Received a gift from Okawaru
 53184 | Vaults:4 | Received a gift from Okawaru
 53360 | Vaults:4 | Reached XP level 22. HP: 221/221 MP: 28/28
 53539 | Vaults:4 | Received a gift from Okawaru
 53555 | Vaults:4 | Got a transparent war axe {god gift}
 54153 | Vaults:5 | Entered Level 5 of the Vaults
 54153 | Vaults:5 | Noticed a golden dragon
 54242 | Vaults:4 | Received a gift from Okawaru
 54246 | Vaults:4 | Identified the +1 war axe "Nakkelugh" {chop, rN+++ MP-9 Dex-2 SInv} (Okawaru gifted it to you on level 4 of the Vaults)
 54321 | Vaults:5 | Noticed a golden dragon
 54335 | Vaults:4 | Killed a golden dragon
 54383 | Vaults:4 | Reached skill level 10 in Evocations
 54391 | Vaults:4 | Killed a golden dragon
 54688 | Vaults:5 | Noticed a golden dragon
 54688 | Vaults:5 | a shadow dragon changed into a golden dragon
 54688 | Vaults:5 | a golden dragon changed into an acid blob
 54877 | Vaults:5 | Noticed a golden dragon
 54881 | Vaults:4 | Received a gift from Okawaru
 54890 | Vaults:4 | Got a shimmering scale mail {god gift}
 54934 | Vaults:4 | Identified the +1 scale mail of the Devil's Team {Int-4 Dex+4 Slay+3} (Okawaru gifted it to you on level 4 of the Vaults)
 55568 | Vaults:4 | Reached XP level 23. HP: 227/227 MP: 29/29
 56218 | Vaults:5 | Got a silver rune of Zot
 56331 | Vaults:5 | Found Bonaef's Book Boutique.
 56377 | Vaults:5 | Got a smoking granite ring
 56411 | Vaults:5 | Identified the ring "Beqi Jam" {*Drain MR++ Slay+2 SInv} (You found it on level 5 of the Vaults)
 56417 | Vaults:5 | Identified Sif Muna's Incunabulum of Warped Lightness
 57141 | Vaults:5 | Got a heavily runed large shield
 57152 | Vaults:5 | Identified the +5 large shield of the Untouchables {rPois} (You found it on level 5 of the Vaults)
 57309 | Vaults:5 | Found Biennih's Gadget Shoppe.
 57309 | Vaults:5 | Found Zuulakoh's Distillery.
 57377 | Vaults:5 | Found Uhaly's Gadget Shop.
 57582 | Vaults:5 | Got a glittering bone ring
 57747 | Vaults:4 | Identified the ring of Divine Intervention {Ice *Slow MR+ MP+9 Stlth+} (You found it on level 5 of the Vaults)
 58101 | Slime:1  | Entered Level 1 of the Pits of Slime
 58147 | Slime:1  | Received a gift from Okawaru
 59055 | Slime:5  | Entered Level 5 of the Pits of Slime
 59061 | Slime:5  | Received a gift from Okawaru
 59179 | Slime:4  | Received a gift from Okawaru
 59186 | Slime:4  | Got ichor-stained acid dragon scales {god gift}
 59518 | Slime:3  | Gained mutation: You are frail. (-10% HP) [a shining eye]
 59519 | Slime:3  | Gained mutation: You expend magic power (3 MP) to strengthen your wands. [a shining eye]
 59523 | Slime:3  | Gained mutation: Your mind is acute. (Int +2) [a shining eye]
 59528 | Slime:3  | Gained mutation: You occasionally shout uncontrollably at your foes. [a shining eye]
 59541 | Slime:3  | Lost mutation: Your mind is acute. (Int +2) [a shining eye]
 59779 | Slime:5  | Gained mutation: You are dopey. (Int -2) [a shining eye]
 59827 | Slime:5  | Gained mutation: Your spells are a little easier to cast, but a little less powerful. [a shining eye]
 59864 | Slime:5  | Noticed the Royal Jelly
 59988 | Slime:5  | Killed the Royal Jelly
 60009 | Slime:5  | Reached XP level 24. HP: 77/212 MP: 24/29
 60353 | Slime:5  | Found the +10 large shield of Ignorance {rN+ Int-4}
 60401 | Slime:5  | Got a slimy rune of Zot
 60433 | Slime:5  | Identified the Collected Works on Venomous Clay
 60476 | Slime:5  | Identified the +3 acid dragon scales of Knowledge {rCorr Dex+6} (Okawaru gifted it to you on level 4 of the Pits of Slime)
 60494 | Slime:5  | Got a scorched plate armour
 60508 | Slime:5  | Got a smoking brass amulet
 60545 | Slime:5  | Identified the +6 plate armour of Wonder {rN+ rCorr Slay-5} (You found it on level 5 of the Pits of Slime)
 60564 | Slime:5  | Identified the amulet "Hucuiki" {Spirit +Blink MR+ Str+4 Int+3} (You found it on level 5 of the Pits of Slime)
 60844 | Slime:2  | Gained mutation: You tend to lose your temper in combat. [a shining eye]
 60849 | Slime:2  | Gained mutation: You are very dopey. (Int -4) [a shining eye]
 61319 | Slime:1  | Reached skill level 24 in Fighting
 61775 | Depths:1 | Found a one-way gate to the infinite horrors of the Abyss.
 61975 | Depths:1 | Received a gift from Okawaru
 62141 | Depths:1 | Reached skill level 25 in Fighting
 62156 | Depths:1 | Found a gateway to Hell.
 62253 | Depths:1 | Found a snail-covered altar of Cheibriados.
 62282 | Depths:1 | Received a gift from Okawaru
 62283 | Depths:1 | Found Ovuakkit's Armour Emporium.
 62283 | Depths:1 | Found Homihed's Assorted Antiques.
 62312 | Depths:1 | Found Vokkug's Jewellery Shop.
 62314 | Depths:1 | Found Zytif's Weapon Emporium.
 62382 | Depths:1 | Found a white marble altar of Elyvilon.
 62558 | Depths:1 | Found a sparkling altar of Nemelex Xobeh.
 62595 | Depths:1 | Reached skill level 26 in Fighting
 62619 | Depths:1 | Found a deep blue altar of Sif Muna.
 63530 | Depths:2 | Found a one-way gate leading to the halls of Pandemonium.
 63550 | Depths:2 | Found a corrupted altar of Lugonu.
 63568 | Depths:2 | Received a gift from Okawaru
 63701 | Depths:2 | Reached XP level 25. HP: 229/229 MP: 29/29
 63839 | Depths:2 | Noticed Margery
 63853 | Depths:2 | Killed Margery
 63931 | Depths:2 | Found a shattered altar of Ashenzari.
 64277 | Depths:3 | Received a gift from Okawaru
 64987 | Depths:3 | Found a runed door.
 65077 | Depths:3 | Reached skill level 27 in Fighting
 65145 | Depths:3 | Noticed an ancient lich
 65146 | Depths:3 | Noticed an ancient lich
 65166 | Depths:3 | Killed an ancient lich
 65174 | Depths:3 | Killed an ancient lich
 65199 | Depths:3 | Got a pair of slimy gloves
 65201 | Depths:3 | Identified Sif Muna's Volume of the Boosting Voyage
 65288 | Depths:3 | Identified the +3 pair of gloves "Yhomyng" {rN+ rCorr Dex-2 Slay+3} (You found it on level 3 of the Depths)
 65918 | Depths:4 | Found a gateway to a ziggurat.
 66149 | Depths:4 | Found a radiant altar of Vehumet.
 66233 | Depths:4 | Found Ziothrur's Antique Armour Boutique.
 66753 | Depths:4 | Received a gift from Okawaru
 66792 | Depths:4 | Identified A Thorough Guide to Spellweaving
 67026 | Depths:5 | Entered Level 5 of the Depths
 67420 | Depths:5 | Received a gift from Okawaru
 67420 | Depths:5 | Reached skill level 15 in Armour
 67457 | Depths:5 | Reached XP level 26. HP: 217/239 MP: 24/29
 67479 | Depths:5 | Found a gate to the Realm of Zot.
 67540 | Depths:5 | Reached skill level 10 in Invocations
 67838 | Depths:5 | Received a gift from Okawaru
 68808 | D:6      | Fell from the grace of Okawaru
 68808 | D:6      | Became a worshipper of the Shining One
 68979 | Lair:1   | Learned a level 2 spell: Swiftness
 68982 | Lair:1   | Learned a level 2 spell: Passwall
 69206 | Crypt:1  | Entered Level 1 of the Crypt
 69425 | Crypt:1  | Reached * piety under the Shining One
 69592 | Crypt:1  | Reached ** piety under the Shining One
 70126 | Crypt:2  | Reached *** piety under the Shining One
 70772 | Crypt:2  | Reached **** piety under the Shining One
 71030 | Crypt:3  | Entered Level 3 of the Crypt
 71047 | Crypt:3  | Reached ***** piety under the Shining One
 71162 | Crypt:3  | Noticed Jory
 71169 | Crypt:3  | Killed Jory
 71272 | Crypt:3  | Reached ****** piety under the Shining One
 71324 | Crypt:3  | Got a fine lapis lazuli ring
 71368 | Crypt:3  | Identified the ring "Osugh" {+Inv rF- rN+ MR+ Str+5} (You took it off a guardian mummy on level 3 of the Crypt)
 71399 | Crypt:3  | Noticed Xtahua
 71408 | Crypt:3  | Killed Xtahua
 71471 | Crypt:3  | Noticed a greater mummy
 71479 | Crypt:3  | Killed a greater mummy
 71588 | Crypt:3  | Identified Kikubaaqudgha's Catalogue of Unholy Arts
 72319 | Crypt:3  | Found the +8 lance "Wyrmbane" {slay drac, rPois rF+ rC+ AC+3}
 72584 | Crypt:3  | Got a scintillating lead ring
 72586 | Crypt:3  | Identified the ring "Yhorur" {+Fly rPois rN+ Dex+8 Slay-5} (You found it on level 3 of the Crypt)
 72660 | Crypt:3  | Got a warped ring mail
 72671 | Crypt:3  | Identified the +1 ring mail of Ideebog {+Blink rF+} (You found it on level 3 of the Crypt)
 72742 | Crypt:3  | Found a staircase to the Tomb.
 73134 | Hell     | Entered the Vestibule of Hell
 73134 | Hell     | Noticed Geryon
 73344 | Depths:2 | Reached skill level 15 in Invocations
 73489 | Hell     | Killed Geryon
 73493 | Hell     | Reached XP level 27. HP: 237/237 MP: 33/33
 73523 | Hell     | Found a gateway to the freezing wastes of Cocytus.
 73671 | Hell     | Found a gateway to the ashen valley of Gehenna.
 73750 | Hell     | Found a gateway to the decaying netherworld of Tartarus.
 73930 | Hell     | Found a gateway to the Iron City of Dis.
 73945 | Dis:1    | Entered Level 1 of the Iron City of Dis
 74257 | Dis:1    | Reached skill level 1 in Transmutations
 74316 | Dis:1    | Reached skill level 1 in Charms
 74820 | Dis:4    | Reached skill level 5 in Transmutations
 75219 | Dis:7    | Entered Level 7 of the Iron City of Dis
 75919 | Dis:7    | Reached skill level 5 in Charms
 75979 | Dis:7    | Got a pitted wooden ring
 76108 | Dis:7    | Identified the Collected Works on the Birds and the Escort
 76248 | Dis:7    | Found the +8 demon blade "Bloodbane" {slice, *Rage +Rage Stlth-}
 76313 | Dis:7    | Reached skill level 10 in Transmutations
 76420 | Dis:7    | Noticed Dispater
 76876 | Dis:7    | Killed Dispater
 77077 | Dis:7    | Got an iron rune of Zot
 77251 | Hell     | Identified the ring "Denid" {rPois rN+} (You took it off an iron imp on level 7 of the Iron City of Dis)
 77258 | Hell     | Learned a level 3 spell: Regeneration
 77284 | Tar:1    | Entered Level 1 of Tartarus
 77838 | Tar:2    | Was forgiven by Okawaru
 78499 | Tar:7    | Entered Level 7 of Tartarus
 78654 | Tar:7    | Noticed an ancient lich
 78676 | Tar:7    | Killed an ancient lich
 78909 | Tar:7    | Noticed Ereshkigal
 78988 | Tar:7    | Reached skill level 15 in Transmutations
 79151 | Tar:7    | Killed Ereshkigal
 79191 | Tar:7    | Got a bone rune of Zot
 79450 | Coc:1    | Entered Level 1 of Cocytus
 79545 | Coc:3    | Reached skill level 10 in Charms
 80086 | Coc:7    | Entered Level 7 of Cocytus
 80121 | Coc:7    | Reached skill level 1 in Necromancy
 80268 | Coc:7    | Noticed the Serpent of Hell
 80301 | Coc:7    | Killed the Serpent of Hell
 80928 | Coc:7    | Reached skill level 5 in Necromancy
 81135 | Coc:7    | Noticed Antaeus
 81169 | Coc:7    | Killed Antaeus
 81251 | Coc:7    | Identified the Tome of Arcane Weapons and Self-Knowledge
 81271 | Coc:7    | Got an icy rune of Zot
 81462 | Geh:1    | Entered Level 1 of Gehenna
 82716 | Geh:7    | Entered Level 7 of Gehenna
 83018 | Geh:7    | Noticed Asmodeus
 83048 | Geh:7    | Killed from afar by a hellion

Skill      XL: |  1  2  3  4  5  6  7  8  9 10 11 12 13 14 15 16 17 18 19 20 21 22 23 24 25 26 27 |
---------------+----------------------------------------------------------------------------------+-----
Fighting       | 4 6 7 8 9 11 12 13 16 18 21 23 26 27 | 27.0
Axes           | 3 4 5 7 9 10 12 14 16 17 19 20 21 22 | 22.1
Evocations     | 2 4 6 8 10 | 10.5
Throwing       | 3 4 8 9 |  9.1
Dodging        | 4 6 8 10 11 12 14 16 17 18 19 21 22 | 22.4
Invocations    | 5 8 9 15 17 | 17.6
Armour         | 5 9 12 15 16 | 16.0
Shields        | 10 14 15 17 20 22 23 24 25 | 25.0
Transmutations | 17 | 17.3
Charms         | 11 | 11.9
Necromancy     | 8 |  8.5

Action                   |  1- 3 |  4- 6 |  7- 9 | 10-12 | 13-15 | 16-18 | 19-21 | 22-24 | 25-27 || total
-------------------------+-------+-------+-------+-------+-------+-------+-------+-------+-------++-------
Melee: War axe           |    56 |   136 |   316 |   174 |   121 |   782 |  1237 |  1167 |  4076 ||  8065
       Headbutt          |     7 |    17 |    66 |   111 |   260 |   374 |   452 |   486 |  1782 ||  3555
       Battleaxe         |       |       |       |   316 |       |       |       |       |       ||   316
       Executioner's axe |       |       |       |   110 |   900 |   395 |       |       |       ||  1405
       Punch             |       |       |       |       |     1 |       |       |     2 |       ||     3
 Fire: Arbalest          |       |       |       |    13 |       |       |       |       |       ||    13
Throw: Tomahawk          |       |     2 |     6 |    26 |       |       |       |       |       ||    34
       Javelin           |       |       |       |    14 |     5 |    36 |     5 |     9 |    14 ||    83
 Cast: Swiftness         |       |       |       |       |       |       |       |       |     1 ||     1
Invok: Heroism           |       |       |     1 |    17 |    22 |    31 |    27 |    14 |     7 ||   119
       Finesse           |       |       |       |       |     7 |     9 |     5 |     4 |     2 ||    27
       Cleansing Flame   |       |       |       |       |       |       |       |       |    44 ||    44
       Summon Divine War |       |       |       |       |       |       |       |       |    53 ||    53
       Divine Shield     |       |       |       |       |       |       |       |       |    22 ||    22
 Abil: Evoke Blink       |       |       |       |       |       |       |       |     1 |     3 ||     4
Evoke: Wand              |       |       |     1 |     9 |    67 |    28 |    15 |    18 |    40 ||   178
       Lamp of fire      |       |       |       |       |       |       |     1 |       |     1 ||     2
       Lightning rod     |       |       |       |       |       |       |       |     1 |     6 ||     7
  Use: Scroll            |       |       |    12 |     8 |    19 |    18 |     3 |     6 |    32 ||    98
       Potion            |       |       |     2 |       |     3 |    10 |     1 |     1 |    12 ||    29
 Stab: Paralysed         |       |       |       |     2 |    12 |     2 |       |       |       ||    16
       Distracted        |       |       |       |       |       |       |     1 |     3 |       ||     4
  Eat: Chunk             |       |     7 |    11 |    16 |    25 |    19 |    27 |    10 |    16 ||   131
       Ration            |       |       |     1 |     5 |     7 |     6 |     2 |     7 |    23 ||    51
Armor: Scale mail        |    26 |     1 |       |       |       |    85 |    86 |    55 |   184 ||   437
       Chain mail        |       |    69 |   154 |   136 |   266 |   169 |       |       |       ||   794
       Ring mail         |       |       |       |   130 |    88 |       |       |       |       ||   218
       Storm dragon scal |       |       |       |       |       |   101 |       |       |       ||   101
       Gold dragon scale |       |       |       |       |       |       |       |       |    48 ||    48
Dodge: Dodged            |    16 |    30 |    60 |   461 |  1036 |   775 |   428 |   508 |  1471 ||  4785
       Deflected         |       |       |       |       |       |       |    11 |    29 |    48 ||    88
Block: Shield            |    24 |    61 |   138 |    65 |       |   404 |   232 |       |       ||   924
       Other             |       |       |       |       |    26 |    52 |       |       |       ||    78
       Reflection        |       |       |       |       |     2 |    81 |   109 |    71 |       ||   263
       Buckler           |       |       |       |       |       |    26 |    72 |       |       ||    98
       Large shield      |       |       |       |       |       |       |   574 |  1410 |  4784 ||  6768
